 Dungeon Crawl Stone Soup version 0.19-a0-414-g76fec5b (webtiles) character file.

170 Katalist the Chopper (level 5, -4/45 HPs)
             Began as a Minotaur Berserker on May 31, 2016.
             Was a Believer of Trog.
             Slain by Grinder (7 damage)
             ... on level 4 of the Dungeon.
             The game lasted 00:10:51 (2241 turns).

Katalist the Chopper (Minotaur Berserker)           Turns: 2241, Time: 00:10:52

Health: -4/45      AC: 11    Str: 21    XL:     5   Next: 25%
Magic:  4/4        EV:  6    Int:  6    God:    Trog [**....]
Gold:   104        SH:  0    Dex: 11    Spells: 0 memorised, 4 levels left

rFire  . . .     SeeInvis .     a - +0 hand axe
rCold  . . .     Gourm    .     j - +0 plate armour
rNeg   . . .     Faith    .     (no shield)
rPois  .         Spirit   .     (helmet restricted)
rElec  .         Dismiss  .     (no cloak)
rCorr  .         Reflect  .     (no gloves)
SustAt .         Harm     .     (no boots)
MR     .....                    (no amulet)
Stlth  ..........               (no ring)
                                g - +2 ring of intelligence

@: not resistant to hostile enchantments, extremely unstealthy
A: retaliatory headbutt, horns 2
a: Berserk, Trog's Hand, Burn Spellbooks, Renounce Religion


You were on level 4 of the Dungeon.
You worshipped Trog.
Trog was pleased with you.
You were hungry.

You visited 1 branch of the dungeon, and saw 4 of its levels.

You collected 104 gold pieces.

Inventory:

Hand Weapons
 a - a +0 hand axe (weapon)
Armour
 j - a +0 plate armour (worn)
Jewellery
 g - a +2 ring of intelligence (left hand)
 n - a +3 ring of protection {unknown}
 p - a cursed amulet of inaccuracy {unknown}
Scrolls
 b - 4 scrolls of remove curse {unknown}
 d - a scroll of enchant armour {unknown}
 f - 7 scrolls of identify {unknown}
 h - a scroll of teleportation {unknown}
 m - 2 scrolls of recharging {unknown}
 o - a scroll of random uselessness {unknown}
 q - a scroll of fear {unknown}
Potions
 e - 3 potions of curing {unknown}
 i - a potion of flight {unknown}
 l - 2 potions of heal wounds {unknown}
Comestibles
 c - a bread ration
 k - a beef jerky


   Skills:
 - Level 3.6 Fighting
 + Level 7.2 Axes
 - Level 2.4 Armour
 - Level 2.1 Dodging


You had 4 spell levels left.
You didn't know any spells.

Dungeon Overview and Level Annotations

Branches:
Dungeon (4/15)
 Temple: D:4-7

Altars:
Ru
Sif Muna

Annotations:
D:4 Grinder


Innate Abilities, Weirdness & Mutations

You reflexively headbutt those who attack you in melee.
You have a pair of horns on your head.


Message History

The phantom is heavily damaged.
The phantom hits you but does no damage.
You hit the phantom but do no damage. Your headbutt misses the phantom.
The phantom is heavily damaged.
The phantom hits you.
* * * LOW HITPOINT WARNING * * *
You closely miss the phantom.
The phantom is heavily damaged.
The phantom blinks!
Grinder gestures at you. You resist with significant effort.
Grinder gestures at you. Pain shoots through your body!
* * * LOW HITPOINT WARNING * * *
The phantom blinks!
You slash Grinder! You headbutt Grinder.
Grinder is almost dead.
Grinder says, "There's only one good use for a tongue: cutting it out."
Grinder hits you!
You die...

#.# #..# #5# #..#
#.# #..#
#.######..#
#.......W.#
...####.#######.#
........# #.#
...####.#
#5################
.W.
#.@..............#
##.##
################.#
#.#
#############.#
#^#
#>............#
#.#
#.#############
#.# #.# .[#.#
#.#.# #.#.#


You could see Grinder and a phantom.

Vanquished Creatures
  An orc priest (D:3)
  A worker ant (D:4)
  3 gnolls (D:2)
  2 adders
  A worm (D:3)
  A dart slug (D:1)
  2 giant geckos
  14 orcs (D:3)
  A giant cockroach (D:2)
  4 goblins
  5 hobgoblins
  2 jackals (D:1)
  A quokka (D:3)
  8 bats
  3 giant newts
  2 kobolds
  2 rats (D:1)
53 creatures vanquished.

Notes
Turn   | Place    | Note
--------------------------------------------------------------
     0 | D:1      | Katalist the Minotaur Berserker began the quest for the Orb.
     0 | D:1      | Reached XP level 1. HP: 19/19 MP: 0/0
     2 | D:1      | Noticed a merfolk
     2 | D:1      | Noticed a vine stalker
     4 | D:1      | Noticed an ogre
     4 | D:1      | Noticed an octopode
     6 | D:1      | Noticed a vampire
     8 | D:1      | Noticed a felid
     8 | D:1      | Noticed a spriggan
    10 | D:1      | Noticed a ghoul
    12 | D:1      | Noticed an elf
    12 | D:1      | Noticed a halfling
    14 | D:1      | Noticed a demigod
    14 | D:1      | Noticed a demonspawn
    16 | D:1      | Noticed a troll
    16 | D:1      | Noticed a minotaur
    18 | D:1      | Noticed a centaur
    18 | D:1      | Noticed a formicid
    20 | D:1      | Noticed a naga
    20 | D:1      | Noticed a tengu
    22 | D:1      | Noticed a draconian
    24 | D:1      | Noticed a gargoyle
    24 | D:1      | Noticed a dwarf
    26 | D:1      | Noticed a human
   176 | D:1      | Reached skill level 4 in Axes
   266 | D:1      | Reached XP level 2. HP: 19/26 MP: 1/1
   864 | D:2      | Reached skill level 5 in Axes
   864 | D:2      | Reached XP level 3. HP: 31/31 MP: 0/2
  1156 | D:3      | Reached ** piety under Trog
  1164 | D:3      | Reached XP level 4. HP: 33/39 MP: 3/3
  1239 | D:3      | Reached skill level 6 in Axes
  1749 | D:3      | Reached XP level 5. HP: 45/45 MP: 4/4
  1796 | D:3      | Reached skill level 7 in Axes
  2005 | D:3      | Found a sacrificial altar of Ru.
  2032 | D:3      | Found a deep blue altar of Sif Muna.
  2180 | D:4      | Noticed Grinder
  2181 | D:4      | Noticed a phantom
  2211 | D:4      | Paralysed by Grinder for 5 turns
  2241 | D:4      | Slain by Grinder

Vault maps used:
D:1:      kb_arrival_jail, minmay_misc_feat_roman
D:2:      minmay_door_square
D:3:      nicolae_ru_path_of_blood, minivault_5, led_sif_pool
D:4:      uniq_natasha, uniq_grinder

Skill      XL: |  1  2  3  4  5 |
---------------+----------------+-----
Axes           | 4 5 6 7 |  7.2
Fighting       | |  3.6
Armour         | |  2.4
Dodging        | |  2.1

Action                   |  1- 3 |  4- 6 || total
-------------------------+-------+-------++-------
Melee: Hand axe          |    53 |    90 ||   143
       Headbutt          |    11 |    10 ||    21
Invok: Berserk           |     1 |       ||     1
       Trog's Hand       |       |     2 ||     2
  Eat: Chunk             |     2 |     3 ||     5
Armor: Animal skin       |     8 |       ||     8
       Plate armour      |    15 |    47 ||    62
Dodge: Dodged            |    30 |    21 ||    51
